 Dungeon Crawl Stone Soup version 0.21.1-1-g345015fe64 (webtiles) character file.

51 Delanovic the Ogre Mage (level 3, -7/36 HPs)
             Began as an Ogre Warper on Apr 23, 2018.
             Mangled by Sigmund
             ... wielding a +0 scythe
              (10 damage)
             ... on level 2 of the Dungeon.
             The game lasted 00:05:49 (1635 turns).

Delanovic the Ogre Mage (Ogre Warper)               Turns: 1635, Time: 00:05:50

Health: -7/36      AC:  3    Str: 15    XL:     3   Next: 81%
Magic:  5/7        EV: 10    Int: 15    God:
Gold:   89         SH:  0    Dex:  8    Spells: 4/8 levels left

rFire    + . .     SeeInvis .   a - +1 mace
rCold    + . .     Gourm    .   (no shield)
rNeg     . . .     Faith    .   b - +0 robe
rPois    +         Spirit   .   (helmet restricted)
rElec    +         Reflect  .   (no cloak)
rCorr    +         Harm     .   (gloves unavailable)
MR       .....                  (boots unavailable)
Stlth    +.........             t - amulet of inaccuracy (curse)
HPRegen  0.12/turn              (no ring)
MPRegen  0.10/turn              (no ring)

@: confused, resistant, berserk cooldown, hasted and slowed
A: large, unfitting armour, tough skin 1
a: no special abilities


You were on level 2 of the Dungeon.
You were not hungry.

You visited 1 branch of the dungeon, and saw 2 of its levels.

You collected 89 gold pieces.

Inventory:

Hand Weapons
 a - a +1 mace (weapon)
Missiles
 e - 5 tomahawks of dispersal (quivered)
Armour
 b - a +0 robe (worn)
Jewellery
 t - a cursed amulet of inaccuracy (around neck)
Scrolls
 d - a scroll of blinking
 g - a scroll of identify
 i - a scroll of amnesia
Potions
 n - a potion of berserk rage
 o - 2 potions of brilliance {unknown}
 q - a potion of degeneration {unknown}
Books
 c - a book of Spatial Translocations

   Spells                             Type                      Level
   a - Blink                          Translocation                2
   b - Shroud of Golubria             Charms/Translocation         2
   c - Lesser Beckoning               Translocation                3
   d - Gell's Gravitas                Translocation                3
   e - Teleport Other                 Translocation                3
   f - Passage of Golubria            Translocation                4
Comestibles
 f - 3 rations


   Skills:
 - Level 2.6 Fighting
 + Level 2.3 Maces & Flails
 + Level 2.0 Throwing
 - Level 2.1 Dodging
 + Level 3.1 Spellcasting
 + Level 3.0 Translocations


You had 4 spell levels left.
You knew the following spells:

 Your Spells              Type           Power        Failure   Level  Hunger
a - Blink                 Tloc           N/A          9%          2    ##.....
b - Shroud of Golubria    Chrm/Tloc      #.........   16%         2    ##.....


Dungeon Overview and Level Annotations

Branches:
Dungeon (2/15)

Altars:

Annotations:
D:2 Sigmund


Innate Abilities, Weirdness & Mutations

You are too large for most types of armour.
You have tough skin. (AC +1)


Message History

It was a potion of resistance.
You feel protected. Something hits you.
It was a potion of berserk rage.
A red film seems to cover your vision as you go berserk!
You feel yourself moving faster!
You feel mighty!
You feel a strong urge to attack something.
Something hits you!
* * * LOW HITPOINT WARNING * * *
You bump into the rock wall.
You feel your anger nearly subside.
You hear some strange, mumbled words.
A magic dart appears from out of thin air!
The magic dart hits you!
* * * LOW HITPOINT WARNING * * *
You are no longer berserk.
You are exhausted.
You feel yourself slow down. Something hits you!
You die...

#>###........####....#
.. .............#.####
...##........##.#.# #
. ##.....#.##.#.# .
......#.##.#.# #
..###.#.#.##.#.#
..........##.#.#
.#####...##...#
.####..@{....#
#........##...##
######..<.......
######...## ##.## #.#
#.#


There were no monsters in sight!

Vanquished Creatures
  2 adders (D:1)
  An ooze (D:1)
  A dart slug (D:1)
  3 bats (D:1)
  A giant cockroach (D:1)
  2 goblins (D:1)
  3 hobgoblins
  2 jackals (D:2)
  A quokka (D:2)
  A frilled lizard (D:1)
  7 kobolds
  2 rats (D:1)
26 creatures vanquished.

Notes
Turn   | Place    | Note
-------+----------+-------------------------------------------
     0 | D:1      | Delanovic the Ogre Warper began the quest for the Orb.
     0 | D:1      | Reached XP level 1. HP: 22/22 MP: 3/3
    84 | D:1      | Reached XP level 2. HP: 25/29 MP: 5/5
    88 | D:1      | Learned a level 2 spell: Blink
   407 | D:1      | Reached XP level 3. HP: 22/36 MP: 7/7
   985 | D:2      | Learned a level 2 spell: Shroud of Golubria
  1371 | D:2      | Noticed Sigmund
  1635 | D:2      | Mangled by Sigmund

Skill      XL: |  1  2  3 |
---------------+----------+-----
Maces & Flails | 2 |  2.3
Spellcasting   | 3 |  3.1
Translocations | 3 |  3.0
Throwing       | 2 |  2.0
Fighting       | |  2.6
Dodging        | |  2.1

Action                   || total
-------------------------++-------
Melee: Mace              ||   156
 Cast: Blink             ||     6
       Shroud of Golubri ||     1
  Use: Potion            ||     6
       Scroll            ||     4
  Eat: Chunk             ||     3
Armor: Robe              ||    48
       Skin              ||    30
Dodge: Dodged            ||   108
